 Dungeon Crawl Stone Soup version 0.20-a0 (webtiles) character file.

225 KristoblXynda the Cutter (level 6, 0/35 HPs)
             Began as a Kobold Gladiator on Oct 27, 2016.
             Succumbed to Edmund's poison
             ... on level 4 of the Dungeon.
             The game lasted 00:04:37 (2055 turns).

KristoblXynda the Cutter (Kobold Gladiator)         Turns: 2055, Time: 00:04:38

Health: 0/35       AC:  4    Str: 14    XL:     6   Next: 21%
Magic:  6/6        EV: 23    Int: 15    God:
Gold:   202        SH:  0    Dex: 20    Spells: 0 memorised, 5 levels left

rFire  + . .     SeeInvis .     j - +2 short sword (freeze)
rCold  . . .     Gourm    .     b - +0 leather armour
rNeg   . . .     Faith    .     (shield restricted)
rPois  .         Spirit   .     (no helmet)
rElec  .         Reflect  .     (no cloak)
rCorr  .         Harm     .     q - +0 pair of gloves
MR     .....                    (no boots)
Stlth  ++++......               (no amulet)
                                a - ring of wizardry
                                y - ring of protection from fire

@: brilliant, agile, lethally poisoned (0 -> -1), flying
A: carnivore 3
a: no special abilities


You were on level 4 of the Dungeon.
You were completely stuffed.

You visited 1 branch of the dungeon, and saw 4 of its levels.

You collected 202 gold pieces.

Inventory:

Hand Weapons
 j - a +2 short sword of freezing (weapon)
Missiles
 d - 3 throwing nets (quivered)
Armour
 b - a +0 leather armour (worn)
 c - a +0 helmet
 q - a +0 pair of gloves (worn)
Jewellery
 a - a ring of wizardry (right hand)
 y - a ring of protection from fire (left hand)
Wands
 r - a wand of lightning (4/15)
Scrolls
 e - 2 scrolls of identify {unknown}
 i - a scroll of blinking {unknown}
 k - 3 scrolls of remove curse {unknown}
 m - a scroll of immolation {unknown}
 n - 2 scrolls of teleportation {unknown}
 o - a scroll of enchant armour {unknown}
 p - a scroll of amnesia {unknown}
 t - a scroll of random uselessness {unknown}
 u - a scroll of magic mapping {unknown}
Potions
 v - 2 potions of flight
 w - a potion of mutation
Comestibles
 f - 5 meat rations


   Skills:
 - Level 2.1 Fighting
 + Level 6.0 Short Blades
 - Level 2.1 Throwing
 + Level 5.2 Dodging
 + Level 4.4 Stealth


You had 5 spell levels left.
You didn't know any spells.

Dungeon Overview and Level Annotations

Branches:
Dungeon (4/15)
 Temple: D:4-7

Altars:
Hepliaklqana
Kikubaaqudgha
Nemelex Xobeh
Sif Muna
Xom
Yredelemnul


Innate Abilities, Weirdness & Mutations

You are small and have problems with some larger weapons.
You are carnivorous and can eat meat at any time.


Message History

There is a lethal amount of poison in your body!
Unknown command.
There is a lethal amount of poison in your body!
There is a lethal amount of poison in your body!
There is a lethal amount of poison in your body!
There is a lethal amount of poison in your body!
There is a lethal amount of poison in your body!
There is a lethal amount of poison in your body!
There is a lethal amount of poison in your body!
There is a lethal amount of poison in your body!
Unknown command.
Unknown command.
Unknown command.
* * * LOW HITPOINT WARNING * * *
You feel sick.
* * * LOW HITPOINT WARNING * * *
You feel sick.
You hear the slow rusting of a drain nearby.
Unknown command.
You die...

#.#.#
#.#.#
###.#.#
#.....# #
#.#.###
#.##.#.#
#......#
####.###
#.@.#
#..)..#
#.......#
#.....###
##...##
#####


There were no monsters in sight!

Vanquished Creatures
  Edmund (D:4)
  An orc wizard (D:4)
  2 adders (D:3)
  A gnoll (D:1)
  2 dart slugs
  2 worms
  3 leopard geckos
  3 orcs (D:4)
  4 bats
  2 giant cockroaches
  2 goblins (D:1)
  4 hobgoblins
  11 kobolds
  A quokka (D:3)
  A ball python (D:2)
  2 frilled lizards (D:1)
  13 rats
55 creatures vanquished.

Notes
Turn   | Place    | Note
-------+----------+-------------------------------------------
     0 | D:1      | KristoblXynda the Kobold Gladiator began the quest for the Orb.
     0 | D:1      | Reached XP level 1. HP: 12/12 MP: 1/1
    74 | D:1      | Reached skill level 1 in Stealth
   169 | D:1      | Reached XP level 2. HP: 5/17 MP: 2/2
   320 | D:1      | Reached XP level 3. HP: 15/21 MP: 3/3
  1052 | D:2      | Found a sparkling altar of Nemelex Xobeh.
  1055 | D:2      | Found a deep blue altar of Sif Muna.
  1188 | D:2      | Found a shimmering altar of Xom.
  1492 | D:3      | Reached XP level 4. HP: 26/26 MP: 4/4
  1496 | D:3      | Reached skill level 5 in Short Blades
  1763 | D:3      | Found a basalt altar of Yredelemnul.
  1763 | D:3      | Found an ancient bone altar of Kikubaaqudgha.
  1771 | D:3      | Found a faded altar of an unknown god.
  1773 | D:3      | Found a faded altar of an unknown god.
  1774 | D:3      | Found a hazy altar of Hepliaklqana.
  1937 | D:4      | Reached XP level 5. HP: 9/30 MP: 5/5
  1992 | D:4      | Noticed Edmund
  2003 | D:4      | Gained mutation: You are resistant to hostile enchantments. (MR+) [potion of beneficial mutation]
  2004 | D:4      | Gained mutation: You are highly resistant to hostile enchantments. (MR++) [potion of mutation]
  2004 | D:4      | Gained mutation: You have a pair of small horns on your head. [potion of mutation]
  2020 | D:4      | Killed Edmund
  2020 | D:4      | Reached skill level 6 in Short Blades
  2020 | D:4      | Reached skill level 5 in Dodging
  2020 | D:4      | Reached XP level 6. HP: 22/35 MP: 6/6
  2041 | D:4      | Lost mutation: You have a pair of small horns on your head. [potion of cure mutation]
  2041 | D:4      | Lost mutation: You are highly resistant to hostile enchantments. (MR++) [potion of cure mutation]
  2041 | D:4      | Lost mutation: You are resistant to hostile enchantments. (MR+) [potion of cure mutation]
  2047 | D:4      | HP: 1/35 [poisoned by Edmund]
  2055 | D:4      | Succumbed to Edmund's poison

Vault maps used:
D:1:      lightli_arrival_windingriver
D:2:      old_standard_altar, grunt_temple_overflow_open
D:3:      chequers_temple_overflow_minitemple, first_bread
D:4:      portal_sewer_entry_b, serial_shops, nicolae_shop_trees, uniq_edmund,
          uniq_duvessa

Skill      XL: |  1  2  3  4  5 |
---------------+----------------+-----
Stealth        | 1 2 3 4 |  4.4
Dodging        | 4 5 |  5.2
Short Blades   | 5 6 |  6.0
Fighting       | |  2.1
Throwing       | |  2.1

Action                   |  1- 3 |  4- 6 || total
-------------------------+-------+-------++-------
Melee: Rapier            |    79 |       ||    79
       Short sword       |    26 |    80 ||   106
  Use: Potion            |       |     8 ||     8
 Stab: Sleeping          |     4 |     4 ||     8
       Distracted        |     1 |       ||     1
  Eat: Chunk             |     5 |     3 ||     8
       Meat ration       |       |     1 ||     1
Armor: Leather armour    |    23 |     7 ||    30
       Skin              |       |    21 ||    21
Dodge: Dodged            |    99 |    35 ||   134
